 Dungeon Crawl Stone Soup version 0.23.2-1-ga50397a6bc (webtiles) character file.

Game seed: 5638381154768229824

111 Mrkan the Cudgeler (level 4, -1/41 HPs)
             Began as a Minotaur Fighter on May 19, 2019.
             Was an Initiate of the Shining One.
             Killed by nerve-wracking pain
             ... invoked by Grinder
              (13 damage)
             ... on level 4 of the Dungeon.
             The game lasted 00:02:50 (2124 turns).

Mrkan the Cudgeler (Minotaur Fighter)               Turns: 2124, Time: 00:02:51

Health: -1/41      AC:  9    Str: 22    XL:     4   Next: 62%
Magic:  3/3        EV:  5    Int:  5    God:    the Shining One [......]
Gold:   191        SH:  9    Dex:  9    Spells: 3/3 levels left

rFire    . . .     SeeInvis .   a - +0 flail
rCold    . . .     Gourm    .   c - +0 shield
rNeg     . . .     Faith    .   o - +0 chain mail
rPois    .         Spirit   .   (helmet restricted)
rElec    .         Reflect  .   (no cloak)
rCorr    .         Harm     .   (no gloves)
MR       .....                  (no boots)
Stlth    ..........             (no amulet)
HPRegen  0.13/turn              (no ring)
MPRegen  0.08/turn              (no ring)

@: glowing
A: retaliatory headbutt, horns 2
a: Renounce Religion


You were on level 4 of the Dungeon.
You worshipped the Shining One.
The Shining One was noncommittal.
You were not hungry.

You visited 1 branch of the dungeon, and saw 4 of its levels.

You collected 191 gold pieces.

Inventory:

Hand Weapons
 a - a +0 flail (weapon)
Missiles
 p - 2 javelins of penetration (quivered)
Armour
 c - a +0 shield (worn)
 o - a +0 chain mail (worn)
Scrolls
 b - a scroll of magic mapping {unknown}
 g - 3 scrolls of identify {unknown}
 i - 2 scrolls of remove curse {unknown}
 j - 2 scrolls of enchant armour {unknown}
 l - a scroll of enchant weapon {unknown}
 n - 2 scrolls of teleportation {unknown}
Potions
 d - 2 potions of might
 e - 2 potions of curing {unknown}
 h - a potion of mutation {unknown}
 k - 2 potions of ambrosia {unknown}
 m - a potion of agility {unknown}
Comestibles
 f - 6 rations


   Skills:
 + Level 4.6 Fighting
 * Level 4.8 Maces & Flails
 - Level 3.6 Armour
 - Level 3.6 Shields
 + Level 1.2 Invocations


You had 3 spell levels left.
You didn't know any spells.
Your spell library was empty.

Dungeon Overview and Level Annotations

Branches:
Dungeon (4/15)
 Temple: D:4-7

Altars:
Trog
Uskayaw
The Shining One

Annotations:
D:3 2 transporters, Ethylacetat's ghost, amateur MfGl
D:4 Grinder


Innate Abilities, Weirdness & Mutations

You reflexively headbutt those who attack you in melee.
You have a pair of horns on your head.


Message History

You thump the orc priest!
The orc priest is almost dead.
The orc priest casts a cantrip, but nothing happens.
You block the orc's attack. The orc hits you but does no damage. x2
You hit the orc priest but do no damage.
You headbutt the orc priest.
You kill the orc priest!
The Shining One accepts your kill.
The orc throws a tomahawk.
You block the tomahawk.
Grinder comes into view.
The orc hits you but does no damage. You block the orc's attack.
The orc hits you with a +0 morningstar.
* * * LOW HITPOINT WARNING * * *
Grinder shouts!
The orc hits you but does no damage.
Grinder rolls her eyes.
Grinder blinks!
You block the orc's attack. Grinder gestures at you.
Pain shoots through your body!
You die...

....#.# ......
##...#.##......
#$.>.#.........
##..............
##.$...).......#
.......oo.....#
.#.#.#.#oo.5#.#
...........#.#####
.........@...?....
...................
.#.#.#.#.#..#.#....
..#.#.#.#....#.#
...
...............+
.....#<###..#.#
...............#
..#..##.###..### #.
#.# #..#


You could see Grinder and 4 orcs.

Vanquished Creatures
  An orc priest (D:4)
  An adder (D:3)
  3 worms (D:2)
  3 dart slugs
  4 leopard geckos
  An orc (D:3)
  5 giant cockroaches
  7 goblins
  4 hobgoblins
  A quokka (D:3)
  2 ball pythons
  6 bats
  3 frilled lizards (D:2)
  6 kobolds
  5 rats
52 creatures vanquished.

Notes
Turn   | Place    | Note
-------+----------+-------------------------------------------
     0 | D:1      | Mrkan the Minotaur Fighter began the quest for the Orb.
     0 | D:1      | Reached XP level 1. HP: 19/19 MP: 0/0
   115 | D:1      | Reached XP level 2. HP: 25/27 MP: 1/1
   748 | D:2      | Found a faded altar of an unknown god.
   786 | D:2      | Reached XP level 3. HP: 33/33 MP: 2/2
   830 | D:2      | Found a glowing golden altar of the Shining One.
   911 | D:2      | Became a worshipper of the Shining One
  1642 | D:2      | Found a bloodstained altar of Trog.
  1642 | D:2      | Found a hide-covered altar of Uskayaw.
  1751 | D:3      | Reached XP level 4. HP: 35/41 MP: 3/3
  1816 | D:3      | Noticed Ethylacetat's ghost (amateur MfGl)
  1857 | D:3      | Found a transporter.
  1877 | D:3      | Reached skill level 1 in Invocations
  1896 | D:3      | Found a transporter.
  2121 | D:4      | Noticed Grinder
  2124 | D:4      | Killed from afar by Grinder

Skill      XL: |  1  2  3  4 |
---------------+-------------+-----
Maces & Flails | 3 4 |  4.8
Fighting       | 4 |  4.6
Invocations    | 1 |  1.2
Armour         | |  3.6
Shields        | |  3.6

Action                   |  1- 3 |  4- 6 || total
-------------------------+-------+-------++-------
Melee: Flail             |   106 |    20 ||   126
       Headbutt          |    13 |     2 ||    15
  Eat: Chunk             |     2 |     2 ||     4
Armor: Scale mail        |    26 |       ||    26
       Chain mail        |     7 |    11 ||    18
Dodge: Dodged            |    28 |     5 ||    33
Block: Shield            |    60 |    19 ||    79
